 Dungeon Crawl Stone Soup version 0.29.0-10-g45618ea6d2 (webtiles) character file.

Game seed: 2968109795498097130

86 raistware the Conjurer (level 4, -3/27 HPs)
             Began as an Octopode Conjurer on Sept 1, 2022.
             Killed by divine providence
             ... invoked by an orc priest
              (12 damage)
             ... on level 4 of the Dungeon.
             The game lasted 00:04:16 (3594 turns).

raistware the Conjurer (Octopode Conjurer)          Turns: 3594, Time: 00:04:17

Health: -3/27      AC:  1    Str:  6    XL:     4   Next: 50%
Magic:  10/10      EV: 13    Int: 22    God:
Gold:   215        SH:  0    Dex: 10    Spells: 6/11 levels left

rFire   + . .      SeeInvis .   (no weapon)
rCold   . . .      Faith    .   (no shield)
rNeg    . . .      Spirit   .   (helmet restricted)
rPois   .          Reflect  .   (no amulet)
rElec   .          Harm     .   d - ring of protection from fire
rCorr   .          Rampage  .   (no ring)
Will    .....                   (no ring)
Stlth   +++.......              (no ring)
HPRegen 0.09/turn               (no ring)
MPRegen 0.12/turn               (no ring)
                                (no ring)
                                (no ring)

@: no status effects
A: almost no armour, amphibious, 8 rings, camouflage 1, gelatinous body 1,
(nimble swimmer 1), tentacles
a: no special abilities


You were on level 4 of the Dungeon.
You visited 1 branch of the dungeon, and saw 4 of its levels.

You collected 215 gold pieces.

Inventory:

Missiles
 q - 2 poisoned darts
Armour
 k - a +0 buckler
Jewellery
 d - a ring of protection from fire (left tentacle)
Scrolls
 c - 2 scrolls of identify {unknown}
 e - a scroll of vulnerability {unknown}
 g - 2 scrolls of enchant armour {unknown}
 h - a scroll of acquirement {unknown}
 i - a scroll of magic mapping {unknown}
 n - a scroll of noise {unknown}
 p - a scroll of immolation {unknown}
Potions
 a - a potion of magic
 b - 2 potions of heal wounds {unknown}
 f - a potion of brilliance {unknown}
 j - 2 potions of curing {unknown}
 l - a potion of flight {unknown}
 m - a potion of berserk rage {unknown}
 o - a potion of might {unknown}


   Skills:
 - Level 2.0 Dodging
 - Level 2.6 Stealth
 + Level 4.1 Spellcasting
 + Level 4.1 Conjurations
 + Level 0.4 Translocations


You had 6 spell levels left.
You knew the following spells:

 Your Spells              Type           Power      Damage    Failure   Level
a - Magic Dart            Conj           88%        1d7       1%          1
b - Iskenderun's Mystic   Conj/Tloc      14%        2d5       41%         4

Your spell library contained the following spells:

 Spells                   Type           Power      Damage    Failure   Level
 Searing Ray              Conj           44%        2d6       3%          2
 Dazzling Flash           Conj/Hex       26%        N/A       14%         3
 Scorch                   Fire           8%         2d5       17%         2
 Flame Wave               Conj/Fire      13%        2d6       43%         4
 Fulminant Prism          Conj/Hex       6%         3d7       43%         4
 Summon Cactus Giant      Summ           2%         N/A       100%        6


Dungeon Overview and Level Annotations

Branches:
Dungeon (4/15)
 Temple: D:4-7

Altars:

Annotations:
D:3 2 transporters, qborf's ghost, amateur FoCA
D:4 exclusion: black bear


Innate Abilities, Weirdness & Mutations

You cannot wear most types of armour.
You are amphibious.
You can wear up to eight rings at the same time.
Your skin changes colour to match your surroundings (Stealth+).
Your rubbery body absorbs attacks. (AC +1, EV +1)
((You are camouflaged when in or above water. (Stealth+)))
You have tentacles for arms and can constrict up to eight enemies at once.


Message History

There is a stone staircase leading down here.
You climb downwards.
Found four items.
Found an escape hatch in the floor.
Found a stone staircase leading up.
There is a stone staircase leading up here.
p - a scroll labelled KOFOSA NIAMAS You now have 215 gold pieces (gained 12).
A kobold comes into view.
It is wielding a +0 short sword and quivering poisoned darts.
The magic dart hits the kobold.
You kill the kobold!
You can't see any susceptible monsters within range! (Use Z to cast anyway.)
You can't see any susceptible monsters within range! (Use Z to cast anyway.) Magic restored.
g - 2 scrolls labelled BOTA MIUME (gained 1)
Things that are here:
a +0 short sword; 2 poisoned darts; a kobold corpse
q - 2 poisoned darts You open the door.
There is an open door here.
Things that are here:
a +0 short sword; a kobold corpse
Found a ring mail.
A black bear comes into view.
Press: ? - help, v - describe, . - travel
Here: a black bear (asleep)
The floor.
Placed new exclusion.
As you open the door, it creaks loudly!
An orc priest and 2 orcs come into view.
The orc shouts!
The orc priest shouts!
The orc shouts!
You hear a shout! x2
An orc comes into view. It is wielding a +0 hand axe.
The orc priest mumbles some strange prayers to Beogh against you.
Beogh smites you!
Ouch! That really hurt!
Found 9 gold pieces.
The orc attacks as you move away! The orc hits you with a +0 flail.
* * * LOW HITPOINT WARNING * * *
The orc priest mumbles some strange prayers to Beogh against you.
Beogh smites you!
You die...

###### .... #....# ##....#
$..##....# #.....# ........#
#.....# ....... #.....# ...oo
#.....# ..o #+# #....# ######
#'# ###..######'###....####.#
#...........@..o.o.o....# #..
#...)..............o....# ...
#...>..##......##.......#
....##...#.###....###.......#
....##...#..###..###...##+###
#............######...##
..............# #....h
..............# #.....
........<....## ##..[.


You could see an orc priest and 3 orcs.

Vanquished Creatures
  2 adders (D:2)
  3 dart slugs
  3 orcs (D:3)
  5 bats
  An endoplasm (D:1)
  A giant cockroach (D:1)
  8 goblins
  7 hobgoblins
  5 kobolds
  4 quokkas
  6 ball pythons
  8 frilled lizards
  3 rats
56 creatures vanquished.

Vanquished Creatures (others)
  A plant (D:3)
1 creature vanquished.

Grand Total: 57 creatures vanquished

Notes
Turn   | Place    | Note
-------+----------+-------------------------------------------
     0 | D:1      | raistware the Octopode Conjurer began the quest for the
                  | Orb.
     0 | D:1      | Reached XP level 1. HP: 11/11 MP: 3/3
   347 | D:1      | Reached XP level 2. HP: 17/17 MP: 0/5
   834 | D:1      | Reached XP level 3. HP: 19/21 MP: 0/7
  1466 | D:1      | Found a faded altar of an unknown god.
  2480 | D:2      | Reached XP level 4. HP: 27/27 MP: 5/9
  2635 | D:2      | Learned a level 4 spell: Iskenderun's Mystic Blast
  2986 | D:3      | Found a transporter.
  2986 | D:3      | Found a transporter.
  2987 | D:3      | Noticed qborf's ghost (amateur FoCA)
  2989 | D:3      | Identified the +0 giant club "Bumaf" {vorpal, rN+ Int+3}
  2989 | D:3      | Noticed an ogre
  3574 | D:4      | Noticed a black bear
  3594 | D:4      | Killed from afar by an orc priest

Illustrated notes

Levels and vault maps discovered:
D:1:      dpeg_arrival_signposts, layout_basic,
          chequers_ecumenical_altar_island, st_stairs_3,
          dreamdust_princess_corridor
D:2:      layout_basic
D:3:      layout_rooms, serial_bayou, serial_bayou_pond_c, serial_bayou_shore_b,
          serial_bayou_pond_d, serial_bayou_pond_d, serial_bayou_pond_c,
          serial_bayou_pond_d, gammafunk_ghost_smash, small_statue_intersection
D:4:      layout_gridville, minmay_shop_damaged, amcnicky_mini_corridor_feature,
          minivault_19, minmay_between

Skill      XL: |  1  2  3  4 |
---------------+-------------+-----
Spellcasting   | 3 4 |  4.1
Dodging        | |  2.0
Stealth        | |  2.6
Conjurations   | |  4.1
Translocations | |  0.4

Action                   |  1- 3 |  4- 6 || total
-------------------------+-------+-------++-------
Melee: Unarmed           |     7 |       ||     7
       Constrict         |     2 |       ||     2
       Tentacles         |     1 |       ||     1
 Cast: Magic Dart        |    88 |    29 ||   117
Armor: Skin              |     1 |       ||     1
Dodge: Dodged            |    16 |       ||    16
